[Event "Yingmei Cup CHN-chT 2017"]
[Site "?"]
[Date "2017.04.20"]
[Round "3"]
[White "Xiao, Yiyi"]
[Black "Zhu, Jiner"]
[Result "1-0"]
[WhiteElo "2290"]
[BlackElo "2154"]
[Annotator "ChessBase"]
[PlyCount "111"]
[EventDate "2017.??.??"]
[SourceTitle "Shenzen"]
[TimeControl "5400+30"]

1. Nf3 f5 2. g3 Nf6 3. Bg2 e6 4. c4 c6 5. b3 d5 6. O-O Bd6 7. d4 Qe7 8. Bb2 b6
9. Ne5 Bb7 10. Nd3 O-O 11. Nd2 a5 12. Qc2 Nbd7 13. a3 c5 14. dxc5 bxc5 15. e3
Ne4 16. Rac1 Rac8 17. Rcd1 Ndf6 18. Nf3 a4 19. bxa4 dxc4 20. Nde5 c3 21. Bxc3
Ba6 22. Nc4 Nxc3 23. Qxc3 Ne4 24. Qc2 Bc7 25. Nfd2 Nxd2 26. Rxd2 Rfd8 27. Rxd8+
Rxd8 28. Rc1 Qf6 29. h4 e5 30. Nd2 Bb6 31. a5 Bxa5 32. Nb3 Bd3 33. Qxc5 Bb6 34.
Qb4 e4 35. a4 Rb8 36. Nc5 Bc7 37. Qa3 Bd6 38. Qa2+ Qf7 39. Qxf7+ Kxf7 40. Nxd3
exd3 41. Rd1 Ke7 42. Rxd3 Rb1+ 43. Kh2 Rb2 44. Kg1 Rb1+ 45. Bf1 Ra1 46. Rd4 g6
47. Kg2 h6 48. Bd3 Ra3 49. h5 Be5 50. Rd5 Ke6 51. Bc4 Rxa4 52. Bb3 Ra3 53. Rb5+
Kf6 54. Rb6+ Ke7 55. Re6+ Kf7 56. hxg6+ 1-0

[Event "Yingmei Cup CHN-chT 2017"]
[Site "?"]
[Date "2017.05.23"]
[Round "5"]
[White "Wang, Jue"]
[Black "Yuan, Ye"]
[Result "1-0"]
[WhiteElo "2335"]
[BlackElo "2306"]
[Annotator "ChessBase"]
[PlyCount "69"]
[EventDate "2017.??.??"]
[SourceTitle "Jinhua-Lanxi"]
[TimeControl "5400+30"]

1. e4 c5 2. Nf3 e6 3. d4 cxd4 4. Nxd4 Nc6 5. Nc3 Qc7 6. Be3 a6 7. Qd2 Nf6 8.
O-O-O Be7 9. f3 b5 10. Kb1 Bb7 11. Bf4 e5 12. Nf5 exf4 13. Nd5 Qb8 14. Nxg7+
Kf8 15. Nf5 Nxd5 16. exd5 Ne5 17. Qxf4 d6 18. Qh6+ Ke8 19. f4 Ng6 20. Bd3 Kd7
21. Rhe1 Bf6 22. Qh3 Nxf4 23. Qg4 Nxd3 24. Rxd3 h5 25. Qh3 Qd8 26. Nh6+ Kc7 27.
Nxf7 Qd7 28. Rc3+ Bxc3 29. Qxc3+ Kb6 30. Qd4+ Kc7 31. Nxh8 Qh7 32. Qf6 Qxh8 33.
Re7+ Kb6 34. Qxd6+ Ka5 35. Qc7+ 1-0

[Event "Yingmei Cup CHN-chT 2017"]
[Site "?"]
[Date "2017.08.18"]
[Round "12"]
[White "Yang, Yijing"]
[Black "Sun, Fanghui"]
[Result "1/2-1/2"]
[WhiteElo "1910"]
[BlackElo "2059"]
[Annotator "NA RC"]
[PlyCount "101"]
[EventDate "2017.??.??"]
[SourceTitle "Wuxi"]
[TimeControl "5400+30"]

1. Nf3 d5 2. g3 c6 3. Bg2 e6 4. O-O f5 5. d4 Nf6 6. c4 Be7 7. b3 O-O 8. Ba3 {
LiveBook: 163 Games} Ne4 9. Ne5 {[%emt 0:00:08] A94: Classical Dutch:
Classical Stonewall: 7 b3 c6 Ba3} (9. Qc1 Nd7 10. Bxe7 Qxe7 11. Qa3 Qf6 12. e3
b6 13. cxd5 exd5 14. b4 a5 15. b5 cxb5 16. Qb3 Bb7 17. Qxb5 Qd6 18. Rc1 Rfc8
19. Rxc8+ Rxc8 {0-1 (39) Vlasenko,M (2397)-Pridorozhni,A (2510) Alushta 2008})
9... Bxa3 10. Nxa3 Nd7 11. Nxd7 Bxd7 12. Nc2 $146 ({Predecessor:} 12. f3 Nf6
13. Qd3 Qe7 14. Nc2 Rae8 15. e4 fxe4 16. fxe4 dxe4 17. Bxe4 Nxe4 18. Qxe4 {
1-0 (37) Perez Garcia,J (1977)-Ventura Rius,A (1903) Benidorm 2009}) 12... Be8
13. e3 Qg5 14. Ne1 Bh5 15. Qd3 Qe7 16. f3 Nf6 17. Qc3 Kh8 18. Nd3 Nd7 19. e4 (
19. Rfe1 $14) 19... dxe4 (19... Bxf3 $5 20. exd5 Bxg2 21. Kxg2 exd5 $11) 20.
fxe4 Be2 21. Rf2 Bxd3 $1 22. Qxd3 fxe4 23. Rxf8+ Rxf8 24. Qxe4 Nf6 25. Qe2 Rd8
26. Rd1 e5 27. dxe5 Rxd1+ 28. Qxd1 Qxe5 29. Qd8+ Ng8 30. Qd2 Nf6 31. Qf2 a6 32.
Bf3 g5 33. g4 h5 34. gxh5 g4 35. Bg2 Kg7 36. Qg3 Qd4+ 37. Qf2 Qa1+ 38. Qf1 Qe5
39. Qd3 Qxh5 40. Qd6 Qe8 41. Kf1 Qe3 42. Qg3 Qc1+ 43. Qe1 Qf4+ 44. Kg1 Kf7 45.
Qe2 Qd4+ 46. Qf2 Qa1+ 47. Bf1 Qe5 48. Qe2 Qd4+ 49. Qf2 Qe5 50. Qe2 Qd4+ 51. Qf2
$11 1/2-1/2

[Event "Yingmei Cup CHN-chT 2017"]
[Site "?"]
[Date "2017.08.20"]
[Round "14"]
[White "Nie, Xin"]
[Black "Hong, Xing"]
[Result "1/2-1/2"]
[WhiteElo "2084"]
[BlackElo "1982"]
[Annotator "NA"]
[PlyCount "84"]
[EventDate "2017.??.??"]
[SourceTitle "Wuxi"]
[TimeControl "5400+30"]

1. d4 Nf6 2. c4 e5 3. dxe5 Ng4 4. Nf3 Bc5 5. e3 Nc6 6. a3 a5 7. b3 O-O 8. Bb2 {
LiveBook: 13 Games} Re8 $1 9. Be2 Ngxe5 10. O-O Nxf3+ {A52: Budapest Gambit}
11. Bxf3 Ne5 12. Nc3 (12. Be2 Ra6 13. Nd2 Rh6 14. g3 b6 15. Bxe5 Rxe5 16. Bf3
Qe8 17. Re1 Qe6 18. b4 Bf8 19. Qc2 Qh3 20. Nf1 d6 {1-0 (55) Micic,N (2257)
-Andrejic,V (2185) Valjevo 2010}) 12... Ra6 13. Ne4 Bf8 14. Ng3 Qh4 $146 ({
Predecessor:} 14... Nxf3+ 15. Qxf3 Rg6 16. Rad1 d6 17. Rd4 Be7 {1-0 (47)
Ondras,M (1969) -Zvarikova,A (1927) Slovakia 2008}) 15. Be2 Rh6 16. h3 d6 17.
Qd4 Qe7 18. e4 Qh4 19. Nf5 Bxf5 $1 20. exf5 Qd8 (20... Qxd4 $11 21. Bxd4 Be7)
21. f4 ({White should play} 21. Rae1 $16) 21... Nd7 22. Bf3 d5 23. Kh1 (23. b4
$5) 23... dxc4 24. Qxc4 c6 25. Rad1 Qc7 26. Rfe1 $11 Rxe1+ 27. Rxe1 Qd8 28. Rd1
Qc7 29. Qe4 Rd6 30. Re1 Nc5 31. Qc2 Nd3 32. Re3 Nxb2 33. Qxb2 Rd8 34. Re4 Qd6
35. a4 Be7 36. Qe2 Bf8 37. Re5 Qb4 38. Qe3 Bd6 39. Re4 Qc5 40. Qxc5 Bxc5 41.
Be2 Kf8 42. Bc4 Rd4 1/2-1/2

[Event "Yingmei Cup CHN-chT 2017"]
[Site "?"]
[Date "2017.08.20"]
[Round "14"]
[White "Zhang, Lanlin"]
[Black "Liu, Shilan"]
[Result "1-0"]
[WhiteElo "2080"]
[BlackElo "2255"]
[Annotator "NA"]
[PlyCount "91"]
[EventDate "2017.??.??"]
[SourceTitle "Wuxi"]
[TimeControl "5400+30"]

1. e4 c5 2. Nf3 d6 3. d4 cxd4 4. Nxd4 Nf6 5. Nc3 Nc6 6. Be2 e5 7. Nb3 Be7 8.
O-O O-O 9. Kh1 a5 {LiveBook: 77 Games} 10. a4 Nb4 11. Bg5 {[%emt 0:00:07] B59:
Classical Sicilian: 6 Be2 e5 Nb3} (11. f4 Bd7 12. Be3 Rc8 13. Bf3 Qc7 14. Rf2
b6 15. Rd2 Bc6 16. Qg1 Rb8 17. Qe1 Qb7 18. Bf2 Rfe8 19. fxe5 dxe5 {0-1 (52)
Dzhumaev,M (2549)-Li,C (2686) Manila 2013}) 11... Be6 12. f4 Rc8 13. f5 Bc4 14.
Bxc4 Rxc4 15. Bxf6 $146 ({Predecessor:} 15. Qe2 Rc8 16. Rad1 b6 17. Rd2 Qd7 18.
Nb5 Nxe4 19. Qxe4 Bxg5 20. Rxd6 {1/2-1/2 (36) Burnoiu,N (2240)-Wagener,A (2250)
Miercurea Ciuc 1998}) 15... Bxf6 16. Qe2 Rc6 17. Rad1 b6 18. Na1 Qc8 {[#]} 19.
Nb5 $1 Qb8 20. c3 Na6 21. Nb3 Rd8 22. Rd5 Nc7 23. Rd3 Nxb5 24. axb5 Rc7 25.
Rfd1 Be7 26. Nd2 Rdc8 27. Nf1 Rc4 28. Qf3 Qb7 29. Ne3 R4c5 ({But not} 29...
Rxe4 $2 30. Nd5 $18) 30. Nd5 f6 31. Qh5 Bf8 32. Rh3 h6 33. Qg6 Qf7 34. Qg4 Kh8
35. Qe2 Qb7 36. Rg3 Qf7 37. Nxb6 Rb8 38. b4 $18 axb4 39. cxb4 Rxb6 40. bxc5
dxc5 41. Rd5 Rb8 42. h3 Qa7 43. Qc4 Qa1+ 44. Kh2 Qa5 45. Rd7 Qxb5 46. Qf7 1-0

[Event "Yingmei Cup CHN-chT 2017"]
[Site "?"]
[Date "2017.08.21"]
[Round "15"]
[White "Wang, Jue"]
[Black "Chu, Ruotong"]
[Result "1-0"]
[WhiteElo "2335"]
[BlackElo "2270"]
[Annotator "NA"]
[PlyCount "87"]
[EventDate "2017.??.??"]
[SourceTitle "Wuxi"]
[TimeControl "5400+30"]

1. e4 e5 2. Nf3 Nf6 3. Nxe5 d6 4. Nf3 Nxe4 5. d4 d5 6. Bd3 Nc6 7. O-O Be7 8. c4
Nf6 9. h3 O-O 10. Nc3 Nb4 11. Be2 dxc4 12. Bxc4 c6 13. a3 {C42: Petroff
Defence: 3 Nxe5 and unusual White 3rd moves} (13. Re1 Nbd5 14. Bg5 Be6 15. Qb3
Qb6 16. Nxd5 cxd5 17. Qxb6 axb6 18. Bb3 Bb4 19. Bd2 Bd6 20. Ne5 Ne4 {1/2-1/2 
(75) Salem,A (2625)-Igonin,T (2474) Tashkent 2016}) 13... Nbd5 14. Re1 {
LiveBook: 8 Games} h6 (14... Be6 $5 15. Qd3 Nc7 $11) 15. Qd3 Re8 $146 ({
Predecessor:} 15... Be6 16. Bd2 Qc7 17. Ne5 Rfd8 18. Rac1 Rac8 19. Ba2 Qb8 20.
Bb1 Nxc3 21. Bxc3 {1-0 (35) Rudolph,A (2237)-Savchenko,A (2026) Solingen 2005})
16. Ne5 Bf8 17. Qg3 g6 18. Bd3 Nh5 $1 19. Qf3 Qf6 20. Qd1 Nxc3 (20... Be6 $11 {
keeps the balance.}) 21. bxc3 Nf4 22. Bxf4 Qxf4 23. Bc4 Be6 {[#]} 24. Nxg6 $1
fxg6 25. Bxe6+ Kh7 26. Qb3 Rab8 27. Bd7 Red8 $16 28. Bg4 Bd6 29. g3 Qf6 30. Re6
Qf7 31. Rae1 Kg7 32. Bd1 Rf8 33. f4 Rbe8 34. Bc2 g5 35. Rxe8 Rxe8 36. Qxf7+
Kxf7 37. Bg6+ Kxg6 38. Rxe8 Bxa3 39. Re6+ Kf5 40. Re5+ Kf6 41. Ra5 Bb2 42. Rxa7
Bxc3 43. Rxb7 Bxd4+ 44. Kg2 1-0

[Event "Yingmei Cup CHN-chT 2017"]
[Site "?"]
[Date "2017.08.21"]
[Round "15"]
[White "Gu, Tianlu"]
[Black "Zhai, Mo"]
[Result "1-0"]
[WhiteElo "2212"]
[BlackElo "2303"]
[Annotator "NA"]
[PlyCount "79"]
[EventDate "2017.??.??"]
[SourceTitle "Wuxi"]
[TimeControl "5400+30"]

1. d4 Nf6 2. Nf3 e6 3. e3 b6 4. Bd3 Bb7 5. O-O Be7 6. c4 d5 7. b3 O-O 8. Nc3 c5
9. Bb2 cxd4 10. exd4 Nc6 11. a3 {LiveBook: 6 Games} Rc8 {[%emt 0:00:05] D40:
Queen's Gambit Declined: Semi-Tarrasch with e3} 12. Qe2 (12. Rc1 dxc4 13. bxc4
Na5 14. Nb1 Be4 15. Re1 Bxd3 16. Qxd3 Qd6 17. Nbd2 Rfd8 18. Nb3 Nxb3 19. Qxb3
Nd7 20. Red1 Nb8 21. c5 Qd5 22. Qxd5 exd5 23. cxb6 axb6 24. Rxc8 Rxc8 25. Rc1
Rxc1+ 26. Bxc1 Bb4 {1/2-1/2 (26) Ynojosa Aponte,F (2432)-Cruz,C (2547)
Brownsville 2015}) 12... Re8 $146 ({Find the theoretical novelty and annotate
with similar games:} 12... Na5 13. Nd2 Re8 14. Rad1 g6 15. b4 Nxc4 16. Nxc4
dxc4 17. Bxc4 Nd5 18. Nxd5 Bxd5 19. Bb5 {0-1 (59) Starcic,T (2215)-Susnik,M 
(2227) Bled 2000}) 13. cxd5 Nxd5 14. Qe4 {[#]} Nf6 $1 15. Qe3 Na5 16. Nd2 g6
17. b4 {[#]} Nc6 ({Much weaker is} 17... Nd5 18. Nxd5 exd5 19. bxa5 $11) ({
Black should play} 17... Rxc3 $1 $17 18. Bxc3 Nd5) 18. Nf3 Bf8 19. Rfd1 Bg7 20.
Rac1 Ng4 21. Qe2 ({White should try} 21. Qf4 $11 f5 22. Nb5) 21... Nf6 22. Qe3
Ne7 23. Ne5 Nfd5 24. Nxd5 Qxd5 ({Much weaker is} 24... Nxd5 $6 25. Rxc8 Qxc8
26. Qg3 $11) 25. f3 Qb3 26. Qe2 Bh6 27. Rb1 Nd5 28. Ba1 $1 Qxa3 29. Nc4 Qa4 30.
Nd6 Nf4 31. Qf1 Bc6 32. Nxc8 Rxc8 33. d5 Bxd5 $11 ({But not} 33... Nxd3 $2 34.
Qxd3 e5 35. dxc6 $18) 34. Bb5 Qc2 35. Rb2 Qc3 36. Kh1 Bg5 37. Rbb1 Qa3 38. Rdc1
Rf8 39. Rc3 Qa2 40. Rb2 1-0

[Event "Yingmei Cup CHN-chT 2017"]
[Site "?"]
[Date "2017.11.02"]
[Round "16"]
[White "Xiao, Yiyi"]
[Black "Sun, Fanghui"]
[Result "1/2-1/2"]
[WhiteElo "2310"]
[BlackElo "2126"]
[Annotator "ChessBase"]
[PlyCount "93"]
[EventDate "2017.??.??"]
[SourceTitle "Tianjin"]
[TimeControl "5400+30"]

1. d4 d5 2. c4 c6 3. cxd5 cxd5 4. Nc3 Nc6 5. Bf4 a6 6. e3 Nf6 7. Bd3 g6 8. Nf3
Bg7 9. h3 O-O 10. O-O Re8 11. Rc1 Qa5 12. Qb3 Qb4 13. Qc2 Qa5 14. a3 Bd7 15.
Qb3 Ra7 16. Ne5 e6 17. Rc2 Rc8 18. Rfc1 Nxe5 19. Bxe5 Ne8 20. Bg3 b5 21. Ne2
Rxc2 22. Qxc2 Bf8 23. h4 Ra8 24. Bc7 Nxc7 25. Qxc7 Qxc7 26. Rxc7 Bc8 27. h5 Bd6
28. Rc6 Be7 29. Nc3 Kf8 30. e4 Bd7 31. Rc7 Ke8 32. Ne2 Kd8 33. Rc1 dxe4 34.
Bxe4 Rc8 35. Rd1 Bc6 36. d5 exd5 37. Bxd5 Bxd5 38. Nc3 Ke8 39. Nxd5 Kf8 40. Re1
Bd8 41. hxg6 hxg6 42. Re2 Rc5 43. Rd2 Bg5 44. f4 Bh4 45. Kh2 Be1 46. Rd1 Bf2
47. Rd2 1/2-1/2